APL (24 & UNDER)
KENOSHA KINGFISH @ EL PASO TEXANS
09/22/2026
 
TOP OF THE 1ST
Kenosha Kingfish batting - Pitching for Dunedin Blue Jays : RHP Fernando Guzmán
Pitching: RHP Fernando Guzmán
Batting: RHB Manuel Gómez 0-0: Called Strike
0-1: Ball
1-1: Swinging Strike
1-2: Strikes out swinging
Batting: SHB Alfonso Escasán 0-0: Called Strike
0-1: Ball
1-1: Ball
2-1: Fly out, F6 (Popup, 6M)
Batting: LHB Richard Brooks 0-0: Reached on error, E5 (Groundball, 5D)
Batting: RHB Matt Rodríguez 0-0: Called Strike
0-1: Ball
Throwing error on steal attempt, E2
Richard Brooks to third
1-1: Called Strike
1-2: Foul Ball, location: 2F
1-2: Foul Ball, location: 2F
1-2: Ball
2-2: Strikes out looking
Top of the 1st over - 0 run(s), 0 hit(s), 2 error(s), 1 left on base; Kenosha 0 - Dunedin 0
BOTTOM OF THE 1ST
Dunedin Blue Jays batting - Pitching for Kenosha Kingfish : RHP Brandon Malet
Pitching: RHP Brandon Malet
Batting: LHB Guy Moss 0-0: Ball
1-0: Called Strike
1-1: Ground out 3-1 (Groundball, 34)
Batting: SHB Richard Griffin 0-0: Ball
1-0: Foul Ball, location: 2F
1-1: Ball
2-1: Ball
3-1: Swinging Strike
3-2: Foul Ball, location: 2F
3-2: Foul Ball, location: 2F
3-2: Base on Balls
Batting: RHB Keith Ivey 0-0: Called Strike
0-1: Fly out, F8 (Flyball, 8RS)
Batting: RHB Andrew O'Dell 0-0: Called Strike
0-1: Ball
1-1: Ground out 5-3 (Groundball, 5S)
Bottom of the 1st over - 0 run(s), 0 hit(s), 0 error(s), 1 left on base; Kenosha 0 - Dunedin 0
TOP OF THE 2ND
Kenosha Kingfish batting - Pitching for Dunedin Blue Jays : RHP Fernando Guzmán
Batting: SHB Júlio Valentín 0-0: Called Strike
0-1: Swinging Strike
0-2: Strikes out swinging
Batting: SHB Devin Smith 0-0: Ball
1-0: Swinging Strike
1-1: Ground out 3-1 (Groundball, 34)
Batting: LHB Davey Casey 0-0: Ball
1-0: Ball
2-0: Ball
3-0: Base on Balls
Batting: RHB Sergio Mata 0-0: Ball
1-0: Swinging Strike
1-1: Swinging Strike
1-2: Foul Ball, location: 2F
1-2: Ball
2-2: Ball
3-2: Fly out, F7 (Flyball, 7LM)
Top of the 2nd over - 0 run(s), 0 hit(s), 0 error(s), 1 left on base; Kenosha 0 - Dunedin 0
BOTTOM OF THE 2ND
Dunedin Blue Jays batting - Pitching for Kenosha Kingfish : RHP Brandon Malet
Batting: RHB David Castillo 0-0: Called Strike
0-1: SINGLE (Line Drive, 8LS)
Batting: LHB Roberto Félix 0-0: Called Strike
0-1: Ball
1-1: Foul Ball, location: 2F
1-2: Ball
2-2: Foul Ball, location: 2F
2-2: Strikes out swinging
Batting: RHB Harry Miller 0-0: Grounds into double play, 1-6-3 (Groundball, 23)
Bottom of the 2nd over - 0 run(s), 1 hit(s), 0 error(s), 0 left on base; Kenosha 0 - Dunedin 0
TOP OF THE 3RD
Kenosha Kingfish batting - Pitching for Dunedin Blue Jays : RHP Fernando Guzmán
Batting: RHB Tommy Davenport 0-0: Swinging Strike
0-1: Ground out 4-3 (Groundball, 4)
Batting: RHB Manuel Gómez 0-0: Ball
1-0: SINGLE (Line Drive, 6M)
Batting: SHB Alfonso Escasán 0-0: Ball
1-0: Called Strike
Manuel Gómez is caught stealing 2nd base
1-1: Ball
2-1: Called Strike
2-2: Ball
3-2: Ground out 3-1 (Groundball, 34)
Top of the 3rd over - 0 run(s), 1 hit(s), 0 error(s), 0 left on base; Kenosha 0 - Dunedin 0
BOTTOM OF THE 3RD
Dunedin Blue Jays batting - Pitching for Kenosha Kingfish : RHP Brandon Malet
Batting: RHB José Murillo 0-0: Foul Ball, location: 2F
0-1: Ground out 5-3 (Groundball, 56)
Batting: RHB Rafael Carreón 0-0: Ground out 5-3 (Groundball, 56)
Batting: LHB Guy Moss 0-0: Ball
1-0: Ball
2-0: SINGLE (Line Drive, 34)
Batting: SHB Richard Griffin 0-0: Called Strike
0-1: Ball
1-1: Ball
2-1: Ball
3-1: Base on Balls
Guy Moss to second
Batting: RHB Keith Ivey 0-0: Ball
1-0: Swinging Strike
1-1: Swinging Strike
1-2: Ball
2-2: Ball
3-2: Foul Ball, location: 2F
3-2: Foul Ball, location: 2F
3-2: Foul Ball, location: 2F
3-2: Foul Ball, location: 2F
3-2: Foul Ball, location: 2F
3-2: Foul Ball, location: 2F
3-2: Foul Ball, location: 2F
3-2: Strikes out looking
Bottom of the 3rd over - 0 run(s), 1 hit(s), 0 error(s), 2 left on base; Kenosha 0 - Dunedin 0
TOP OF THE 4TH
Kenosha Kingfish batting - Pitching for Dunedin Blue Jays : RHP Fernando Guzmán
Batting: LHB Richard Brooks 0-0: Called Strike
0-1: Ball
1-1: Swinging Strike
1-2: Ball
2-2: Ball
3-2: Foul Ball, location: 2F
3-2: Foul Ball, location: 2F
3-2: Strikes out swinging
Pitching: LHP Artie Hernández
Batting: RHB Matt Rodríguez 0-0: Called Strike
0-1: Ball
1-1: Ball
2-1: Called Strike
2-2: Strikes out swinging
Batting: SHB Júlio Valentín 0-0: SINGLE (Line Drive, 8RS)
Batting: SHB Devin Smith 0-0: Foul Ball, location: 2F
0-1: Ball
1-1: Ball
2-1: Fly out, F8 (Flyball, 8LD)
Top of the 4th over - 0 run(s), 1 hit(s), 0 error(s), 1 left on base; Kenosha 0 - Dunedin 0
BOTTOM OF THE 4TH
Dunedin Blue Jays batting - Pitching for Kenosha Kingfish : RHP Brandon Malet
Batting: RHB Andrew O'Dell 0-0: Ball
1-0: Foul Ball, location: 2F
1-1: Ball
2-1: Ground out 6-3 (Groundball, 6)
Batting: RHB David Castillo 0-0: Ball
1-0: Ground out 1-3 (Groundball, 13)
Batting: LHB Roberto Félix 0-0: Foul Ball, location: 2F
0-1: Called Strike
0-2: Ball
1-2: Ball
2-2: Ball
3-2: Foul Ball, location: 2F
3-2: Strikes out swinging
Bottom of the 4th over - 0 run(s), 0 hit(s), 0 error(s), 0 left on base; Kenosha 0 - Dunedin 0
TOP OF THE 5TH
Kenosha Kingfish batting - Pitching for Dunedin Blue Jays : LHP Artie Hernández
Batting: LHB Davey Casey 0-0: Called Strike
0-1: DOUBLE (Groundball, 3L)
Batting: RHB Sergio Mata 0-0: Ball
1-0: Foul Ball, location: 2F
1-1: Ball
2-1: Ball
3-1: Base on Balls
Batting: RHB Tommy Davenport 0-0: Called Strike
0-1: Ball
1-1: Foul Ball, location: 2F
1-2: Ball
2-2: Ball
3-2: Strikes out swinging
Batting: RHB Manuel Gómez 0-0: Called Strike
0-1: Fly out, F7 (Flyball, 78S)
Batting: SHB Alfonso Escasán 0-0: SINGLE (Line Drive, 8LS)
Davey Casey to third
Sergio Mata to second
Runner from 3rd tries for Home, SAFE, no throw or cutoff
Batting: LHB Richard Brooks 0-0: Fly out, F7 (Flyball, 78M)
Top of the 5th over - 1 run(s), 2 hit(s), 0 error(s), 2 left on base; Kenosha 1 - Dunedin 0
BOTTOM OF THE 5TH
Dunedin Blue Jays batting - Pitching for Kenosha Kingfish : RHP Brandon Malet
Batting: RHB Harry Miller 0-0: Foul Ball, location: 2F
0-1: Foul Ball, location: 2F
0-2: Ground out 6-3 (Groundball, 6)
Batting: RHB José Murillo 0-0: Called Strike
0-1: Foul Ball, location: 2F
0-2: Ball
1-2: Ball
2-2: Fly out, F4 (Line Drive, 4)
Batting: RHB Rafael Carreón 0-0: Ball
1-0: Called Strike
1-1: Foul Ball, location: 2F
1-2: Ground out 6-3 (Groundball, 6)
Bottom of the 5th over - 0 run(s), 0 hit(s), 0 error(s), 0 left on base; Kenosha 1 - Dunedin 0
TOP OF THE 6TH
Kenosha Kingfish batting - Pitching for Dunedin Blue Jays : LHP Artie Hernández
Batting: RHB Matt Rodríguez 0-0: Ball
1-0: SINGLE (Line Drive, 6)
Batting: SHB Júlio Valentín 0-0: Called Strike
0-1: Ball
1-1: Foul Ball, location: 2F
1-2: Ball
2-2: DOUBLE (Groundball, 5L)
Matt Rodríguez to third
Batting: SHB Devin Smith 0-0: Ball
1-0: Fly out, F7 (Flyball, 7D)
Runner from 3rd tags up, SCORES, no throw
Batting: LHB Davey Casey 0-0: Ball
1-0: Ball
2-0: Ball
3-0: Called Strike
3-1: Base on Balls
Batting: RHB Sergio Mata 0-0: Ball
1-0: Foul Ball, location: 2F
1-1: Ball
2-1: SINGLE (Line Drive, 6)
Júlio Valentín to third
Davey Casey to second
Batting: RHB Tommy Davenport 0-0: Foul Ball, location: 2F
0-1: Foul Ball, location: 2F
0-2: Strikes out looking
Pitching: RHP Cliff Long
Batting: RHB Manuel Gómez 0-0: Ball
1-0: Called Strike
1-1: Ball
2-1: Foul Ball, location: 2F
2-2: Fly out, F9 (Flyball, 89M)
Top of the 6th over - 1 run(s), 3 hit(s), 0 error(s), 3 left on base; Kenosha 2 - Dunedin 0
BOTTOM OF THE 6TH
Dunedin Blue Jays batting - Pitching for Kenosha Kingfish : RHP Brandon Malet
Batting: LHB Guy Moss 0-0: Ball
1-0: Foul Ball, location: 2F
1-1: DOUBLE (Line Drive, 7LM)
Pitching: RHP Paul Pothecary
Batting: SHB Richard Griffin 0-0: Ball
1-0: Ball
2-0: Ball
3-0: Called Strike
3-1: Base on Balls
Batting: RHB Keith Ivey 0-0: Foul Ball, location: 2F
0-1: Called Strike
0-2: Fielders Choice at 2nd, 6-4 (Groundball, 56)
Guy Moss to third
Batting: RHB Andrew O'Dell 0-0: Swinging Strike
0-1: Ball
1-1: Foul Ball, location: 2F
1-2: Strikes out swinging
Batting: RHB David Castillo 0-0: SINGLE (Flyball, 7LS)
Guy Moss scores
Keith Ivey to second
Batting: LHB Roberto Félix 0-0: Fly out, F6 (Popup, 6D)
Bottom of the 6th over - 1 run(s), 2 hit(s), 0 error(s), 2 left on base; Kenosha 2 - Dunedin 1
TOP OF THE 7TH
Kenosha Kingfish batting - Pitching for Dunedin Blue Jays : RHP Cliff Long
Batting: SHB Alfonso Escasán 0-0: Foul Ball, location: 2F
0-1: Ball
1-1: Foul Ball, location: 2F
1-2: Strikes out swinging
Batting: LHB Richard Brooks 0-0: Ball
1-0: Ball
2-0: Swinging Strike
2-1: Foul Ball, location: 2F
2-2: Ball
3-2: Base on Balls
Pinch Hitting: LHB Carlton López 0-0: Ball
1-0: Ball
2-0: Ball
3-0: Base on Balls
Richard Brooks to second
Batting: SHB Júlio Valentín 0-0: Foul Ball, location: 2F
0-1: Ball
1-1: Ground out 3-1 (Groundball, 34S)
Richard Brooks to third
Carlton López to second
Pitching: RHP Bill Hines
Pinch Hitting: LHB Miguel Flores 0-0: Ball
1-0: Swinging Strike
1-1: Ball
2-1: Ball
3-1: Swinging Strike
3-2: Foul Ball, location: 2F
3-2: Base on Balls
Batting: LHB Davey Casey 0-0: Ball
1-0: Ground out 4-3 (Groundball, 4)
Top of the 7th over - 0 run(s), 0 hit(s), 0 error(s), 3 left on base; Kenosha 2 - Dunedin 1
BOTTOM OF THE 7TH
Dunedin Blue Jays batting - Pitching for Kenosha Kingfish : RHP Paul Pothecary
Now at 3B: Miguel Flores
Now in CF: Carlton López
Batting: RHB Harry Miller 0-0: Swinging Strike
0-1: Swinging Strike
0-2: Ball
1-2: Foul Ball, location: 2F
1-2: Strikes out swinging
Batting: RHB José Murillo 0-0: Called Strike
0-1: Swinging Strike
0-2: Ball
1-2: Ball
2-2: Ball
3-2: Base on Balls
Batting: RHB Rafael Carreón 0-0: Ball
1-0: Ball
2-0: Called Strike
2-1: Called Strike
2-2: Strikes out swinging
Batting: LHB Guy Moss 0-0: Ball
1-0: Called Strike
1-1: Called Strike
1-2: Ball
José Murillo steals 2nd base
2-2: Foul Ball, location: 2F
2-2: Strikes out looking
Bottom of the 7th over - 0 run(s), 0 hit(s), 0 error(s), 1 left on base; Kenosha 2 - Dunedin 1
TOP OF THE 8TH
Kenosha Kingfish batting - Pitching for Dunedin Blue Jays : RHP Bill Hines
Batting: RHB Sergio Mata 0-0: Ball
1-0: Called Strike
1-1: Ball
2-1: Called Strike
2-2: Ball
3-2: Base on Balls
Pinch Hitting: RHB Esteban Ayala 0-0: Ball
1-0: Ball
2-0: Swinging Strike
2-1: Bunted foul
2-2: Strikes out looking
Pitching: RHP George Floyd
Batting: RHB Manuel Gómez 0-0: Foul Ball, location: 2F
0-1: Ball
Sergio Mata steals 2nd base
1-1: Ball
2-1: Fly out, F9 (Flyball, 89M)
Batting: SHB Alfonso Escasán 0-0: Called Strike
0-1: SINGLE (Line Drive, 78M)
Sergio Mata to third
Runner from 3rd tries for Home, SAFE, no throw or cutoff
Batting: LHB Richard Brooks 0-0: Swinging Strike
0-1: Ball
1-1: Ball
2-1: Swinging Strike
2-2: Strikes out swinging
Top of the 8th over - 1 run(s), 1 hit(s), 0 error(s), 1 left on base; Kenosha 3 - Dunedin 1
BOTTOM OF THE 8TH
Dunedin Blue Jays batting - Pitching for Kenosha Kingfish : RHP Paul Pothecary
Pitching: RHP Júlio Vargas
Now in LF: Esteban Ayala
Batting: SHB Richard Griffin 0-0: Foul Ball, location: 2F
0-1: Called Strike
0-2: Fly out, F3 (Popup, 34)
Batting: RHB Keith Ivey 0-0: Foul Ball, location: 2F
0-1: Ball
1-1: Swinging Strike
1-2: Foul Ball, location: 2F
1-2: Fly out, F6 (Popup, 6)
Batting: RHB Andrew O'Dell 0-0: Ball
1-0: Swinging Strike
1-1: Ball
2-1: Ball
3-1: Base on Balls
Batting: RHB David Castillo 0-0: Ball
1-0: DOUBLE (Flyball, 78D)
Andrew O'Dell to third
Batting: LHB Roberto Félix 0-0: Ball
1-0: Called Strike
1-1: SINGLE (Groundball, 6MD)
Andrew O'Dell scores
David Castillo to third
Batting: RHB Harry Miller 0-0: Ball
1-0: Foul Ball, location: 2F
1-1: Foul Ball, location: 2F
1-2: Fly out, F7 (Flyball, 7LS)
Bottom of the 8th over - 1 run(s), 2 hit(s), 0 error(s), 2 left on base; Kenosha 3 - Dunedin 2
TOP OF THE 9TH
Kenosha Kingfish batting - Pitching for Dunedin Blue Jays : RHP George Floyd
Pitching: RHP Ralph Miller
Batting: LHB Carlton López 0-0: Called Strike
0-1: Ball
1-1: Ball
2-1: Fly out, F6 (Popup, 56D)
Batting: SHB Júlio Valentín 0-0: Foul Ball, location: 2F
0-1: Called Strike
0-2: Fly out, F7 (Popup, 7LS)
Batting: LHB Miguel Flores 0-0: Ball
1-0: Foul Ball, location: 2F
1-1: Foul Ball, location: 2F
1-2: Foul Ball, location: 2F
1-2: Fly out, F8 (Flyball, 78M)
Top of the 9th over - 0 run(s), 0 hit(s), 0 error(s), 0 left on base; Kenosha 3 - Dunedin 2
BOTTOM OF THE 9TH
Dunedin Blue Jays batting - Pitching for Kenosha Kingfish : RHP Júlio Vargas
Pitching: RHP Edwin Manning
Batting: RHB José Murillo 0-0: Ball
1-0: Ball
2-0: Reached on error, E5 (Groundball, 5L)
Batting: RHB Rafael Carreón 0-0: Sac Bunt - play at first, batter OUT! 1-4
José Murillo to second
Batting: LHB Guy Moss 0-0: Ball
1-0: Ground out 5-3 (Groundball, 56)
Batting: SHB Richard Griffin 0-0: Ball
1-0: Ball
2-0: Ball
3-0: Base on Balls
Batting: RHB Keith Ivey 0-0: Ball
1-0: Ball
2-0: Ball
3-0: Base on Balls
José Murillo to third
Richard Griffin to second
Batting: RHB Andrew O'Dell 0-0: Called Strike
0-1: Ball
1-1: Swinging Strike
1-2: Ball
2-2: Ball
3-2: Strikes out looking
Bottom of the 9th over - 0 run(s), 0 hit(s), 1 error(s), 3 left on base; Kenosha 3 - Dunedin 2
Monday, December 5th, 2016 - OOTP Baseball 17.12 Build 75